[Event "Titled Tuesday Blitz December 13 Early 2022"]
[White "Clawitter, Craig"]
[Black "Rasmussen , Nicolai H."]
[WhiteFideId "2023105"]
[BlackFideId "1471937"]
[WhiteElo "2202"]
[BlackElo "2404"]
[Result "0-1"]
[Round "04"]
[TimeControl "180+1"]
[Date "2022.12.14"]
[WhiteClock "0:00:03"]
[BlackClock "0:00:08"]

1. e4 c6 2. Nf3 d5 3. e5 Bf5 4. d4 e6 5. Be2 c5 6. Be3 Nc6 7. O-O Qb6 8. Nc3 Qxb2 9. Qe1 cxd4 10. Bxd4 Nxd4 11. Nxd4 Bb4 12. Rb1 Bxc3 13. Rxb2 Bxe1 14. Rxe1 b6 15. Nxf5 exf5 16. Bf3 Ne7 17. c4 O-O-O 18. Rc1 dxc4 19. Rxc4+ Kb8 20. a4 Ng6 21. a5 Nxe5 22. Ra4 Nxf3+ 23. gxf3 Rd6 24. Rab4 Kb7 25. axb6 Rxb6 26. Kg2 Ra8 27. Rxb6+ axb6 28. Kg3 Rb8 29. Kf4 g6 30. Kg5 Kc6 31. Kh6 Kd5 32. Kxh7 Ke5 33. Kg7 Rb7 34. Rb4 b5 35. h4 Kd5 36. Kf6 Kc5 37. Rb1 b4 38. Rc1+ Kd4 39. Rd1+ Kc3 40. h5 gxh5 41. Kxf5 b3 0-1


[Site "https://www.chess.com"]

[Event "Titled Tuesday Blitz December 13 Early 2022"]
[White "Colas, Joshua"]
[Black "Kosteniuk, Alexandra"]
[WhiteFideId "2044447"]
[BlackFideId "4128125"]
[WhiteElo "2347"]
[BlackElo "2469"]
[Result "1-0"]
[Round "04"]
[TimeControl "180+1"]
[Date "2022.12.14"]
[WhiteClock "0:00:12"]
[BlackClock "0:00:02"]

1. Nf3 Nf6 2. c4 g6 3. b3 Bg7 4. Bb2 c5 5. g3 Nc6 6. Bg2 d6 7. d4 cxd4 8. Nxd4 Bd7 9. O-O O-O 10. Nc3 Rc8 11. Nd5 Re8 12. Nxf6+ Bxf6 13. Nxc6 Bxc6 14. Bxf6 exf6 15. e3 Bxg2 16. Kxg2 Qb6 17. Qf3 Kg7 18. Rfd1 Re6 19. Rd2 Qc6 20. Rad1 f5 21. Rd5 a6 22. a4 h5 23. a5 h4 24. Qf4 hxg3 25. hxg3 Re5 26. Qf3 Rxd5 27. Rxd5 Re8 28. Rd4 Re6 29. Qxc6 bxc6 30. b4 Kf8 31. b5 cxb5 32. cxb5 axb5 33. Rd5 Re4 34. Rxb5 Ra4 35. Rb8+ Ke7 36. Rb7+ Ke6 37. Ra7 Ra2 38. Kf3 g5 39. a6 Kf6 40. Ra8 g4+ 41. Kg2 Ra1 42. a7 d5 43. f4 gxf3+ 44. Kxf3 Ra2 45. g4 fxg4+ 46. Kxg4 Ra4+ 47. Kg3 Ra2 48. Kf3 Kf5 49. Kg3 f6 50. Kf3 Ra4 51. Ke2 Ra3 52. Kd2 Ra6 53. Kd3 Ra3+ 54. Kd4 Ra4+ 55. Kxd5 Ra1 56. Kc5 Ra2 57. e4+ Kf4 58. e5 fxe5 59. Rf8+ Ke3 60. a8=Q Rxa8 61. Rxa8 e4 62. Kd5 1-0


[Site "https://www.chess.com"]

[Event "Titled Tuesday Blitz December 13 Early 2022"]
[White "Cruz, William Ferreira Da"]
[Black "Albertini, Luca"]
[WhiteFideId "2118050"]
[BlackFideId "847038"]
[WhiteElo "2223"]
[BlackElo "2207"]
[Result "1-0"]
[Round "04"]
[TimeControl "180+1"]
[Date "2022.12.14"]
[WhiteClock "0:00:49"]
[BlackClock "0:00:34"]

1. d4 d5 2. c4 e6 3. Nc3 Nf6 4. cxd5 exd5 5. Bg5 Bb4 6. e3 O-O 7. Bd3 h6 8. Bxf6 Qxf6 9. a3 Bxc3+ 10. bxc3 c5 11. Nf3 Bg4 12. Be2 Nc6 13. O-O Rfd8 14. h3 Bxf3 15. Bxf3 c4 16. e4 Ne7 17. e5 Qa6 18. g3 Qa5 19. Qd2 b5 20. Bg2 Rab8 21. f4 Qb6 22. f5 f6 23. Rae1 Rf8 24. g4 a5 25. exf6 Qxf6 26. Re6 Qf7 27. Rfe1 Rb7 28. Qe3 Re8 29. Bxd5 Nxd5 30. Rxe8+ Kh7 31. Qf3 b4 32. axb4 axb4 33. cxb4 c3 34. f6 Nxf6 35. Qd3+ g6 36. Rc8 Nd5 37. Rf1 Nf4 38. Qf3 g5 39. Qe4+ Kg7 40. Qe5+ Qf6 41. Rg8+ Kxg8 42. Qxf6 c2 43. Qd8+ Kf7 44. Qc8 Rb5 45. Qc4+ Rd5 46. Qxd5+ 1-0


[Site "https://www.chess.com"]

[Event "Titled Tuesday Blitz December 13 Early 2022"]
[White "Daneshvar, Bardiya"]
[Black "Andreikin, Dmitry"]
[WhiteFideId "12576468"]
[BlackFideId "4158814"]
[WhiteElo "2429"]
[BlackElo "2735"]
[Result "0-1"]
[Round "04"]
[TimeControl "180+1"]
[Date "2022.12.13"]
[WhiteClock "0:00:02"]
[BlackClock "0:00:04"]

1. Nf3 Nf6 2. c4 e6 3. g3 d5 4. Bg2 Be7 5. O-O O-O 6. b3 c6 7. Bb2 b6 8. d4 Bb7 9. Nc3 Nbd7 10. e3 Ba6 11. Nd2 b5 12. Re1 bxc4 13. bxc4 Rb8 14. Rb1 h5 15. Qa4 Qc8 16. c5 Bd3 17. Nb3 Bxb1 18. Rxb1 Bd8 19. h3 a5 20. Bc1 e5 21. Bd2 exd4 22. exd4 Rb4 23. Qa3 Qb8 24. Re1 h4 25. g4 Re8 26. Rxe8+ Nxe8 27. Ne2 Rc4 28. Bf1 Rc2 29. Bxa5 Nef6 30. Bxd8 Qxd8 31. Qa6 Qc7 32. a4 Ne4 33. Qd3 Ra2 34. a5 Ra3 35. a6 Qb8 36. Nec1 Nf8 37. Bg2 Nf6 38. g5 Nh5 39. Bf3 Nf4 40. Qf5 N8e6 41. g6 fxg6 42. Qg4 Rxa6 43. Qxh4 Ra3 44. Bg4 Rxb3 45. Nxb3 Qxb3 46. Qe7 Qb1+ 47. Kh2 Qe4 48. Qd8+ Kh7 49. Qh4+ Kg8 50. Qg3 Nxd4 51. Qa3 Kh7 52. Qg3 Nf5 53. Qg1 Qe5 54. Kh1 Nh4 55. Qg3 g5 56. Kh2 Qe4 57. Qg1 Nf3+ 0-1


[Site "https://www.chess.com"]

[Event "Titled Tuesday Blitz December 13 Early 2022"]
[White "Deac, Bogdan-Daniel"]
[Black "Volkov, Maksim"]
[WhiteFideId "1226380"]
[BlackFideId "54123070"]
[WhiteElo "2649"]
[BlackElo "2257"]
[Result "1-0"]
[Round "04"]
[TimeControl "180+1"]
[Date "2022.12.13"]
[WhiteClock "0:00:09"]
[BlackClock "0:00:02"]

1. b3 Nf6 2. Bb2 d5 3. e3 g6 4. c4 c6 5. cxd5 cxd5 6. Bxf6 exf6 7. Nf3 Nc6 8. d4 Bb4+ 9. Nbd2 O-O 10. a3 Be7 11. Be2 Be6 12. O-O Rc8 13. Ne1 Bd6 14. Nd3 Qe7 15. b4 f5 16. Nb3 b6 17. b5 Nb8 18. a4 Nd7 19. a5 Nf6 20. axb6 axb6 21. Ra6 Bc7 22. Qa1 Ne4 23. g3 Bd7 24. Ne5 h5 25. Nxd7 Qxd7 26. Ra7 Qe6 27. Rc1 Bd6 28. Rxc8 Rxc8 29. Ra8 h4 30. Bf3 hxg3 31. hxg3 Nc3 32. Qa6 Rxa8 33. Qxa8+ Kg7 34. Qc6 Bb4 35. Nc1 Ba5 36. Nd3 Kf6 37. Nf4 Qxc6 38. bxc6 Ke7 39. Nxd5+ Nxd5 40. Bxd5 b5 41. Kf1 g5 42. f4 gxf4 43. gxf4 Kd6 44. Bxf7 Bd2 45. Ke2 Bc1 46. Bg6 Kxc6 47. Bxf5 b4 48. Bc2 Kd5 49. Kd3 Kd6 50. Bb3 Ke7 51. Ke4 Kd6 52. f5 Ke7 53. Kd3 Kf6 54. e4 Bb2 55. Be6 Bc3 56. e5+ Ke7 57. Ke4 Bb2 58. Bb3 Kd7 59. d5 Kc7 60. d6+ Kc6 61. Ba4+ 1-0


[Site "https://www.chess.com"]

[Event "Titled Tuesday Blitz December 13 Early 2022"]
[White "Degenbaev, Aziz"]
[Black "De Souza, Cristiano Gomes"]
[WhiteFideId "13802640"]
[BlackFideId "2151758"]
[WhiteElo "2039"]
[BlackElo "2068"]
[Result "1-0"]
[Round "04"]
[TimeControl "180+1"]
[Date "2022.12.14"]
[WhiteClock "0:00:37"]
[BlackClock "0:00:13"]

1. e4 c5 2. Nf3 d6 3. d4 cxd4 4. Nxd4 Nf6 5. Nc3 a6 6. h3 e5 7. Nde2 Be6 8. g4 b5 9. Bg2 Nbd7 10. O-O Nb6 11. a4 b4 12. Nd5 Bxd5 13. exd5 a5 14. f4 Nfd7 15. fxe5 Nxe5 16. Nd4 Be7 17. Nf5 O-O 18. b3 Bf6 19. Rb1 Rc8 20. Bb2 g6 21. Nd4 Bg7 22. Nc6 Nxc6 23. Bxg7 Kxg7 24. dxc6 d5 25. Qd4+ f6 26. Qc5 Rf7 27. Rbd1 Qc7 28. Qxa5 Qxc6 29. Qxb4 Qc5+ 30. Qxc5 Rxc5 31. Rd2 Rfc7 32. Rff2 Kf7 33. b4 Rc3 34. a5 Nd7 35. Bxd5+ Kg7 36. Kg2 Ne5 37. b5 Ra3 38. a6 Rcc3 39. Bb3 Rc5 40. Rd5 Rxd5 41. Bxd5 Ra5 42. c4 Ra4 43. Rb2 Nd3 44. Rb3 Nf4+ 45. Kf3 Nxd5 46. cxd5 Kf7 47. b6 Rxa6 48. b7 Rd6 49. b8=Q Rxd5 50. Qb7+ Ke6 51. Qc6+ Rd6 52. Re3+ 1-0


[Site "https://www.chess.com"]

[Event "Titled Tuesday Blitz December 13 Early 2022"]
[White "Demin, Vladimir"]
[Black "Perez Ponsa, Federico"]
[WhiteFideId "4167457"]
[BlackFideId "117927"]
[WhiteElo "2592"]
[BlackElo "2831"]
[Result "0-1"]
[Round "04"]
[TimeControl "180+1"]
[Date "2022.12.14"]
[WhiteClock "0:01:11"]
[BlackClock "0:02:09"]

1. e4 e5 2. Nf3 Nc6 3. Bc4 Nf6 4. Ng5 d5 5. exd5 b5 6. Bf1 Nxd5 7. Bxb5 Bb7 8. d3 Be7 9. Nf3 O-O 10. Bxc6 Bxc6 11. Nxe5 Bb4+ 12. c3 Re8 13. d4 Bd6 14. O-O Bxe5 15. dxe5 Rxe5 16. Nd2 Nf4 17. f3 Ne2+ 18. Kh1 Qh4 19. Ne4 Qxh2+ 20. Kxh2 Rh5# 0-1


[Site "https://www.chess.com"]

[Event "Titled Tuesday Blitz December 13 Early 2022"]
[White "Derraugh, Geordie"]
[Black "Hrabinska, Myroslava"]
[WhiteFideId "2603950"]
[BlackFideId "14109190"]
[WhiteElo "2082"]
[BlackElo "2171"]
[Result "1-0"]
[Round "04"]
[TimeControl "180+1"]
[Date "2022.12.14"]
[WhiteClock "0:00:48"]
[BlackClock "0:00:10"]

1. e4 c5 2. Nf3 Nc6 3. Bb5 e6 4. O-O Nge7 5. d4 cxd4 6. Nxd4 a6 7. Be2 Nxd4 8. Qxd4 Nc6 9. Qc3 b5 10. Bf4 Bb7 11. Nd2 Be7 12. a4 b4 13. Qg3 Bh4 14. Qxg7 Bf6 15. Qg3 Bxb2 16. Rab1 Nd4 17. Bd3 Bc3 18. Nc4 Bc6 19. Be5 f6 20. Qg7 Nf5 21. Qxh8+ 1-0


[Site "https://www.chess.com"]

[Event "Titled Tuesday Blitz December 13 Early 2022"]
[White "Devaev, Alexander"]
[Black "Moskvin, Anatoly"]
[WhiteFideId "4169395"]
[BlackFideId "24199990"]
[WhiteElo "2225"]
[BlackElo "2104"]
[Result "0-1"]
[Round "04"]
[TimeControl "180+1"]
[Date "2022.12.14"]
[WhiteClock "0:00:05"]
[BlackClock "0:00:25"]

1. d4 d5 2. c4 e5 3. dxe5 d4 4. Nf3 Nc6 5. Bf4 Nge7 6. g3 Ng6 7. Bg2 Be6 8. Nbd2 a5 9. Rc1 a4 10. O-O h6 11. Ne4 Be7 12. a3 O-O 13. Qd3 Qd7 14. Rfd1 Rfd8 15. e3 Bg4 16. exd4 Bxf3 17. Bxf3 Nxf4 18. gxf4 Nxd4 19. Qe3 Nxf3+ 20. Qxf3 Qc6 21. Rxd8+ Rxd8 22. Kg2 Rd4 23. Ng3 Qxf3+ 24. Kxf3 Rd2 25. Rb1 Rc2 26. Ne4 Rxc4 27. Ke2 Rxe4+ 28. Kd3 Rxf4 0-1


[Site "https://www.chess.com"]

[Event "Titled Tuesday Blitz December 13 Early 2022"]
[White "Dias, Joao Batista"]
[Black "Samarth, J Rao"]
[WhiteFideId "2108240"]
[BlackFideId "46652370"]
[WhiteElo "1898"]
[BlackElo "1564"]
[Result "0-1"]
[Round "04"]
[TimeControl "180+1"]
[Date "2022.12.14"]
[WhiteClock "0:00:52"]
[BlackClock "0:00:50"]

1. e4 c5 2. Nf3 d6 3. d4 cxd4 4. Nxd4 Nf6 5. Nc3 a6 6. Be2 e5 7. Nb3 Be7 8. O-O O-O 9. Bg5 Be6 10. Bxf6 Bxf6 11. Nd5 Bg5 12. g3 Nd7 13. h4 Bh6 14. Kg2 f5 15. f3 f4 16. g4 Qxh4 17. Rg1 Nf6 18. Ne7+ Kh8 19. Nf5 Bxf5 20. exf5 e4 21. Qe1 exf3+ 22. Bxf3 Qg5 23. Nd4 Nxg4 24. Ne6 Ne3+ 25. Kf2 Qh4+ 26. Ke2 Qh2+ 27. Qf2 Qxf2+ 28. Kxf2 Rxf5 29. c3 Re8 30. Nd4 Rf7 31. b4 Rc7 32. Rac1 Rec8 33. Ne2 d5 34. Bg4 Nxg4+ 35. Rxg4 f3 36. Kxf3 Bxc1 37. Nxc1 Rxc3+ 38. Ke2 Rxc1 0-1


[Site "https://www.chess.com"]

[Event "Titled Tuesday Blitz December 13 Early 2022"]
[White "Diaz Rosas, Julio Cesar"]
[Black "Ansh M Shah"]
[WhiteFideId "5105099"]
[BlackFideId "25033379"]
[WhiteElo "2246"]
[BlackElo "2084"]
[Result "0-1"]
[Round "04"]
[TimeControl "180+1"]
[Date "2022.12.14"]
[WhiteClock "0:00:08"]
[BlackClock "0:00:13"]

1. e4 c6 2. d4 d5 3. exd5 cxd5 4. Bd3 Nc6 5. Nf3 Qc7 6. h3 e5 7. dxe5 Nxe5 8. Nxe5 Qxe5+ 9. Qe2 Qxe2+ 10. Bxe2 Bf5 11. c3 O-O-O 12. Be3 Kb8 13. O-O Nf6 14. Nd2 Bd6 15. Nf3 Rhe8 16. Nd4 Bg6 17. Rfd1 a6 18. Bf1 Ne4 19. Nb3 f5 20. Bd4 Be5 21. Bxe5+ Rxe5 22. Rd4 Bf7 23. Rad1 Rde8 24. g3 g5 25. Nd2 f4 26. Nf3 fxg3 27. Nxe5 gxf2+ 28. Kg2 Rxe5 29. Bd3 Rf5 30. Rf1 Bh5 31. Bxe4 dxe4 32. Rxf2 Bf3+ 33. Kg3 h5 34. Rd8+ Ka7 35. Re8 Rd5 36. h4 g4 37. Kf4 Rd1 38. Re5 Rg1 39. Rg5 Re1 40. Re5 Rh1 41. Rd2 Rxh4 42. Rd7 Rh2 43. Ree7 e3 44. Kxe3 Rxb2 45. Rc7 h4 46. Kf4 h3 47. Rh7 h2 48. c4 h1=Q 49. Rxh1 Bxh1 50. Kxg4 Bc6 51. Kf4 Rxa2 52. Ke5 Rd2 53. Rg7 Rd7 54. Rg3 Rd8 55. c5 Rd5+ 56. Ke6 Rxc5 57. Re3 Rb5 58. Kd6 Kb6 59. Rc3 Rd5+ 60. Ke6 Rd1 61. Rb3+ Kc7 62. Ke5 a5 63. Rc3 a4 64. Kf4 Rb1 65. Ke5 Rb3 66. Rc1 a3 67. Kd4 a2 68. Ra1 Ra3 69. Kc4 Ra8 70. Kb4 b5 71. Kb3 Kb6 72. Kb2 Kc5 73. Kb3 Bd5+ 74. Kb2 Bc4 75. Kc3 b4+ 76. Kb2 Kb5 77. Kc2 Rg8 78. Re1 Rg2+ 79. Kc1 a1=Q# 0-1


[Site "https://www.chess.com"]

[Event "Titled Tuesday Blitz December 13 Early 2022"]
[White "Dilanyan, Grigor"]
[Black "Donchenko, Alexander"]
[WhiteFideId "13303570"]
[BlackFideId "24603295"]
[WhiteElo "2229"]
[BlackElo "2581"]
[Result "0-1"]
[Round "04"]
[TimeControl "180+1"]
[Date "2022.12.14"]
[WhiteClock "0:01:46"]
[BlackClock "0:02:39"]

1. e4 c6 2. d4 d5 3. exd5 cxd5 4. Bd3 Nf6 5. h3 Nc6 6. c3 g6 7. Nf3 Bf5 8. O-O Bxd3 9. Qxd3 Bg7 10. Bf4 O-O 11. Nbd2 a6 12. Rfe1 b5 13. a3 Na5 14. Ne5 e6 15. b4 Nc4 16. Ndxc4 dxc4 17. Qf3 Nd5 18. a4 Qf6 19. Bd2 Qxf3 20. Nxf3 Rfb8 21. a5 Re8 22. Re2 f6 23. Rae1 Kf7 24. Nh2 Bf8 25. Nf1 Bd6 26. Ne3 Nf4 27. Ng4 Nxe2+ 28. Rxe2 e5 29. dxe5 Bxe5 30. Kf1 Rad8 31. f4 Bb8 32. Be3 Rd3 33. Bd4 Rxe2 34. Kxe2 Bxf4 35. Nxf6 Rxd4 0-1


[Site "https://www.chess.com"]

[Event "Titled Tuesday Blitz December 13 Early 2022"]
[White "Dong, Bao Nghia"]
[Black "Ciuffoletti, Paolo"]
[WhiteFideId "12400343"]
[BlackFideId "807630"]
[WhiteElo "2305"]
[BlackElo "2143"]
[Result "1-0"]
[Round "04"]
[TimeControl "180+1"]
[Date "2022.12.14"]
[WhiteClock "0:01:30"]
[BlackClock "0:00:04"]

1. d4 d5 2. c4 c6 3. Nc3 Nf6 4. Nf3 dxc4 5. e3 b5 6. a4 b4 7. Na2 e6 8. Bxc4 a5 9. O-O Be7 10. Qe2 Nbd7 11. Rd1 O-O 12. Bd2 Qb6 13. Nc1 c5 14. Nb3 Bb7 15. Be1 Rfc8 16. Bb5 Bxf3 17. Qxf3 c4 18. Bxc4 Ra7 19. Bb5 Rac7 20. Rac1 Nf8 21. Rxc7 Rxc7 22. Qa8 Nd5 23. Qxa5 Qb8 24. Bf1 Rc2 25. Rd2 Qc8 26. Qa6 Qc7 27. Qd3 Rc6 28. g3 Nd7 29. e4 N5b6 30. a5 Nc4 31. Rc2 Nxa5 32. Rxc6 Nxc6 33. Qc4 Qd6 34. Bd2 Nd8 35. Bf4 e5 36. dxe5 Nxe5 37. Qd5 Qxd5 38. exd5 Nd3 39. d6 1-0


[Site "https://www.chess.com"]

[Event "Titled Tuesday Blitz December 13 Early 2022"]
[White "Donskov, Anatoly"]
[Black "Yaniuk, Volodymyr"]
[WhiteFideId "24143413"]
[BlackFideId "14133083"]
[WhiteElo "2219"]
[BlackElo "2141"]
[Result "1/2-1/2"]
[Round "04"]
[TimeControl "180+1"]
[Date "2022.12.14"]
[WhiteClock "0:00:10"]
[BlackClock "0:00:18"]

1. e4 e5 2. Nf3 Nc6 3. Bb5 Nf6 4. Qe2 Bd6 5. c3 O-O 6. O-O Re8 7. Rd1 h6 8. d3 Bf8 9. Nbd2 d5 10. Nf1 Bg4 11. h3 Bh5 12. g4 Bg6 13. Ng3 a6 14. Ba4 b5 15. Bb3 Qd7 16. Nh4 Rad8 17. Qf3 a5 18. Bxh6 a4 19. Bc2 Nxg4 20. Nxg6 Nxh6 21. Nxf8 Rxf8 22. Kh2 f5 23. exd5 Qxd5 24. Qxd5+ Rxd5 25. Rf1 Rfd8 26. f4 g6 27. fxe5 Rxe5 28. Rae1 Rde8 29. Rxe5 Nxe5 30. Kg2 Kf7 31. Re1 c5 32. d4 cxd4 33. cxd4 Nc6 34. Rxe8 Kxe8 35. Ne2 Ke7 36. a3 Kd6 37. Bd3 b4 38. Bb5 bxa3 39. bxa3 Na5 40. Bxa4 Nc4 41. Be8 g5 42. a4 Ng8 43. Bf7 Ne3+ 44. Kf3 Nh6 45. Kxe3 Nxf7 46. Nc3 Nd8 47. Kd3 Nc6 48. Kc4 g4 49. hxg4 fxg4 50. Kb5 Nxd4+ 51. Kc4 Nc6 52. Kd3 Ke5 53. Ke3 Na5 54. Kf2 Kf4 55. Ne2+ Kf5 56. Kg3 Nc4 57. Nd4+ Kg5 58. Ne6+ Kh5 59. Nf4+ Kg5 60. Ne6+ Kf5 61. Ng7+ Kg6 62. Kxg4 Kxg7 63. Kf4 Kf7 64. Ke4 Ke7 65. Kd4 Na5 66. Kc5 Kd7 67. Kb5 Nb3 68. a5 Nxa5 1/2-1/2


[Site "https://www.chess.com"]

[Event "Titled Tuesday Blitz December 13 Early 2022"]
[White "Dubov, Daniil"]
[Black "Piorun, Kacper"]
[WhiteFideId "24126055"]
[BlackFideId "1130420"]
[WhiteElo "2792"]
[BlackElo "2572"]
[Result "1-0"]
[Round "04"]
[TimeControl "180+1"]
[Date "2022.12.13"]
[WhiteClock "0:02:13"]
[BlackClock "0:00:52"]

1. d4 d5 2. c4 dxc4 3. Nf3 Nf6 4. e3 e6 5. Bxc4 a6 6. Qe2 c5 7. O-O Nc6 8. Rd1 b5 9. d5 bxc4 10. dxc6 Qc7 11. Na3 Be7 12. Nxc4 Qxc6 13. b3 a5 14. Nfe5 Qc7 15. Qf3 Bb7 16. Qg3 O-O 17. Ng6 Rfd8 18. Bb2 Qxg3 19. Nxe7+ Kf8 20. Rxd8+ Rxd8 21. hxg3 Kxe7 22. Nxa5 Ba6 23. Nc6+ 1-0


[Site "https://www.chess.com"]

[Event "Titled Tuesday Blitz December 13 Early 2022"]
[White "Dushyant Sharma"]
[Black "Li, Hui"]
[WhiteFideId "25065130"]
[BlackFideId "15400310"]
[WhiteElo "2280"]
[BlackElo "1954"]
[Result "1-0"]
[Round "04"]
[TimeControl "180+1"]
[Date "2022.12.14"]
[WhiteClock "0:00:28"]
[BlackClock "0:00:01"]

1. e4 e5 2. Nf3 Nf6 3. Nxe5 d6 4. Nf3 Nxe4 5. d3 Nf6 6. d4 d5 7. Bd3 Bd6 8. O-O O-O 9. c3 Bg4 10. Bg5 Nbd7 11. Nbd2 c6 12. Qc2 Qc7 13. Rae1 Rfe8 14. h3 Bh5 15. Bf5 Bg6 16. Re3 Rxe3 17. Bxe3 Re8 18. Re1 Bf4 19. c4 Bxe3 20. Rxe3 Rxe3 21. fxe3 Qd6 22. c5 Qe7 23. Nf1 Ne4 24. Bxg6 hxg6 25. b4 a6 26. a4 f6 27. b5 axb5 28. axb5 Kf7 29. Qb3 Nf8 30. Qa3 Ne6 31. b6 g5 32. Qa8 Qd7 33. N1d2 Nc3 34. Nb3 Nd8 35. Qb8 Ke7 36. Na5 Ne4 37. Ne1 Nc3 38. Nd3 Ne4 39. Nb4 g4 40. hxg4 Qxg4 41. Qf4 Qd1+ 42. Qf1 1-0


[Site "https://www.chess.com"]

[Event "Titled Tuesday Blitz December 13 Early 2022"]
[White "Ezat, Mohamed"]
[Black "Goltsev, Dmitry"]
[WhiteFideId "10600906"]
[BlackFideId "24176710"]
[WhiteElo "2388"]
[BlackElo "2327"]
[Result "0-1"]
[Round "04"]
[TimeControl "180+1"]
[Date "2022.12.14"]
[WhiteClock "0:00:02"]
[BlackClock "0:01:21"]

1. d4 Nf6 2. Nf3 e6 3. e3 d5 4. Bd3 c5 5. O-O Nc6 6. b3 cxd4 7. exd4 Bd6 8. Bb2 Ne4 9. Ne5 Nxe5 10. dxe5 Bc5 11. Bxe4 dxe4 12. Qg4 O-O 13. Qxe4 Qg5 14. Nc3 Rb8 15. Qe2 b6 16. Ne4 Qg6 17. Nxc5 bxc5 18. Ba3 Bb7 19. f3 Rbc8 20. c4 h5 21. Rad1 h4 22. Rd7 Bc6 23. Rxa7 h3 24. g3 Rfd8 25. Bxc5 Rd3 26. Be3 Rcd8 27. Ra6 Bb7 28. Rd6 R8xd6 29. exd6 Rxd6 30. Rd1 Rxd1+ 31. Qxd1 Qf5 32. Kf2 Kh7 33. g4 Qe5 34. Qg1 g5 35. Qb1+ f5 36. Qg1 Qb2+ 0-1


[Site "https://www.chess.com"]

[Event "Titled Tuesday Blitz December 13 Early 2022"]
[White "Fabris, Alberto"]
[Black "Guliev, Logman"]
[WhiteFideId "801348"]
[BlackFideId "13400061"]
[WhiteElo "2175"]
[BlackElo "2161"]
[Result "0-1"]
[Round "04"]
[TimeControl "180+1"]
[Date "2022.12.14"]
[WhiteClock "0:00:14"]
[BlackClock "0:00:43"]

1. e4 e5 2. Nf3 Nc6 3. Bb5 a6 4. Ba4 Nf6 5. O-O Be7 6. Re1 b5 7. Bb3 O-O 8. h3 Bb7 9. d4 Nxd4 10. Nxd4 exd4 11. a4 c5 12. e5 Nd5 13. c4 Nb4 14. axb5 axb5 15. Na3 bxc4 16. Bxc4 d5 17. Bf1 Qb6 18. Qg4 Ba6 19. Bf4 Bxf1 20. Rxf1 d3 21. Bd2 c4 22. Kh1 Qg6 23. Qd7 Qe6 24. Qxe6 fxe6 25. f4 Bc5 26. Bc3 Nc2 27. Nxc2 dxc2 28. g3 d4 29. Bd2 d3 30. Bc3 Rxa1 31. Rxa1 Be3 0-1


[Site "https://www.chess.com"]

[Event "Titled Tuesday Blitz December 13 Early 2022"]
[White "Fedoseev, Vladimir"]
[Black "Mihajlov, Sebastian"]
[WhiteFideId "24130737"]
[BlackFideId "1512110"]
[WhiteElo "2733"]
[BlackElo "2464"]
[Result "1-0"]
[Round "04"]
[TimeControl "180+1"]
[Date "2022.12.13"]
[WhiteClock "0:00:23"]
[BlackClock "0:00:12"]

1. d4 Nf6 2. Nf3 g6 3. e3 Bg7 4. Be2 O-O 5. O-O d6 6. b4 c6 7. Bb2 a5 8. b5 a4 9. Na3 Ne4 10. c4 Qa5 11. Qc2 d5 12. Bd3 Bf5 13. Rfc1 Nd7 14. Nh4 e6 15. Nxf5 gxf5 16. Rab1 Rfc8 17. bxc6 bxc6 18. cxd5 cxd5 19. Qxc8+ Rxc8 20. Rxc8+ Nf8 21. Bxe4 fxe4 22. Bc3 Qa6 23. Rbb8 Qe2 24. h3 h5 25. Bb4 Kh7 26. Bxf8 Qe1+ 27. Kh2 Qxf2 28. Bxg7 Kxg7 29. Rg8+ Kf6 30. Rg3 h4 31. Rg4 Qxe3 32. Nb5 Qe2 33. Rb7 e3 34. Nd6 e5 35. Rxf7+ Ke6 36. Rg6# 1-0


[Site "https://www.chess.com"]

[Event "Titled Tuesday Blitz December 13 Early 2022"]
[White "Fernandez Garcia, Gumersindo"]
[Black "Sovetbekova, Nurai"]
[WhiteFideId "24516740"]
[BlackFideId "13801910"]
[WhiteElo "2140"]
[BlackElo "1925"]
[Result "0-1"]
[Round "04"]
[TimeControl "180+1"]
[Date "2022.12.14"]
[WhiteClock "0:00:27"]
[BlackClock "0:00:10"]

1. e4 c5 2. c3 Nf6 3. e5 Nd5 4. d4 d6 5. exd6 Qxd6 6. dxc5 Qxc5 7. Be2 Nc6 8. Nf3 Bg4 9. O-O e6 10. h3 Bh5 11. Qb3 Qb6 12. c4 Qxb3 13. axb3 Ndb4 14. Nc3 Be7 15. Bf4 O-O 16. Rfd1 Rfd8 17. Nb5 a6 18. Nc3 Bf6 19. Kf1 Bg6 20. Bc7 Rxd1+ 21. Rxd1 Bc2 22. Rd7 Bxb3 23. Ne4 Bxb2 24. Nd6 Rf8 25. Ng5 Ne5 26. Rd8 Rxd8 27. Bxd8 h6 28. Nge4 Nbc6 29. Bb6 a5 30. Nd2 Bc2 31. Nxb7 a4 32. Nc5 a3 33. Ncb3 a2 34. f4 Nd7 35. c5 a1=Q+ 36. Nxa1 Bxa1 37. Bf3 Ndb8 38. Nc4 Bd3+ 39. Be2 Bxe2+ 40. Kxe2 Bd4 41. Kd3 Nd7 42. Na5 Nxa5 43. Kxd4 Nc6+ 44. Kc4 Kf8 45. Kb5 Nd4+ 46. Kc4 Nc6 47. Kb5 Ndb8 48. Bc7 Ke7 49. Kb6 Kd7 50. Kb7 Na6 51. Bd6 Nab4 52. Kb6 Nd5+ 53. Kb5 Ne3 54. g3 Nf5 55. g4 Nxd6+ 56. cxd6 Kxd6 57. Kc4 Ne7 58. Kd3 f6 59. Ke4 Nc6 60. h4 e5 61. fxe5+ fxe5 62. Kf5 Kd5 63. Kg6 e4 64. Kxg7 Ne5 65. Kxh6 Nxg4+ 66. Kg5 Ne5 67. h5 e3 68. Kf6 Ng4+ 69. Kg5 Ne5 70. Kf5 e2 71. h6 e1=Q 72. h7 Qb1+ 73. Kg5 Qxh7 74. Kf4 Qh4+ 75. Kf5 Qg4+ 76. Kf6 Qg6+ 77. Ke7 Qf7+ 78. Kd8 Qd7# 0-1


[Site "https://www.chess.com"]

[Event "Titled Tuesday Blitz December 13 Early 2022"]
[White "Fiedorek, Michal"]
[Black "Hristodoulou, Panagiotis"]
[WhiteFideId "1199528"]
[BlackFideId "4214340"]
[WhiteElo "2201"]
[BlackElo "2272"]
[Result "1-0"]
[Round "04"]
[TimeControl "180+1"]
[Date "2022.12.14"]
[WhiteClock "0:00:08"]
[BlackClock "0:00:01"]

1. e4 e5 2. Nf3 Nc6 3. Bb5 g6 4. d4 exd4 5. Bg5 Be7 6. Bxe7 Qxe7 7. O-O Qc5 8. Bxc6 dxc6 9. Nxd4 Bd7 10. c3 O-O-O 11. Nd2 Kb8 12. N2b3 Qe7 13. Re1 c5 14. Nc2 Nf6 15. Qe2 Bc6 16. Rad1 b6 17. f3 h5 18. Rxd8+ Rxd8 19. Rd1 h4 20. Rxd8+ Qxd8 21. Ne3 Nh5 22. Ng4 f5 23. Ne5 Bb7 24. Nxg6 fxe4 25. fxe4 Qg5 26. Nf8 Nf4 27. Qf3 a5 28. Nh7 Qh6 29. a4 Ka7 30. Nd2 h3 31. Nc4 Nxg2 32. Nf6 Nh4 33. Qf2 Qc1+ 34. Qf1 Nf3+ 35. Kf2 Qxf1+ 36. Kxf1 Nxh2+ 37. Kf2 Bc8 38. Ne3 Bb7 39. Kg3 Nf3 40. Kxf3 1-0


[Site "https://www.chess.com"]

[Event "Titled Tuesday Blitz December 13 Early 2022"]
[White "Forgacs, Attila Jr."]
[Black "Buksa, Nataliya"]
[WhiteFideId "773654"]
[BlackFideId "14123622"]
[WhiteElo "2168"]
[BlackElo "2303"]
[Result "1/2-1/2"]
[Round "04"]
[TimeControl "180+1"]
[Date "2022.12.14"]
[WhiteClock "0:00:08"]
[BlackClock "0:00:10"]

1. e4 c5 2. d3 Nc6 3. g3 g6 4. Bg2 Bg7 5. f4 d6 6. Nf3 e6 7. O-O Nge7 8. c3 O-O 9. Be3 f5 10. Qe2 Qc7 11. a4 b6 12. Na3 Bb7 13. Nb5 Qd7 14. Rad1 a6 15. Na3 d5 16. e5 d4 17. Bf2 dxc3 18. bxc3 Qd5 19. Nc4 Qd8 20. Nd6 Rb8 21. Rb1 h6 22. d4 Nd5 23. Qc4 Na5 24. Qa2 Nxc3 25. Qxe6+ Kh7 26. Nh4 Ne2+ 27. Kh1 Bxg2+ 28. Kxg2 Nxd4 29. Qxg6+ Kh8 30. Bxd4 cxd4 31. Nhxf5 Qd7 32. Nxh6 Nc4 33. Ndf7+ Rxf7 34. Nxf7+ Kg8 35. Nh6+ Kh8 36. Nf5 Qxf5 37. Qxf5 Ne3+ 38. Kf3 Nxf5 39. Ke4 Ne7 40. Kxd4 b5 41. axb5 axb5 42. Ke4 Nc6 43. Rfc1 Rb6 44. Rc5 b4 45. Rbc1 Ne7 46. f5 Bh6 47. Rb1 b3 48. f6 Rb4+ 49. Kf3 Nf5 50. Rc8+ Kh7 51. g4 Nd4+ 52. Ke4 Ne6+ 53. Kd5 Nf4+ 54. Kd6 Rd4+ 55. Kc5 Ne6+ 56. Kb6 Be3 57. Kb7 Rb4+ 58. Ka6 b2 59. h4 Nc5+ 60. Rxc5 Bxc5 61. e6 Rb6+ 62. Ka5 Rxe6 63. Rxb2 Rxf6 64. Rb7+ Kg6 65. h5+ Kh6 66. Rc7 Be3 67. Kb5 Bg5 68. Rc6 Bh4 69. Rxf6+ Bxf6 70. Kc6 Kg5 71. Kd5 Kxg4 72. h6 Kg5 73. h7 Kg6 74. h8=Q Bxh8 1/2-1/2


[Site "https://www.chess.com"]